AoeStats
← 大王同学

Arabia

504742347Analyzed
4v4 RM · 25d ago on Sep 6, 2026· 51m 56s· 8 players
Game mode
Random Map
Map size
Large (8 player)
Population
200
Speed
Normal
Resources
Standard
Victory
Conquest
Starting age
Dark Age
Ending age
Imperial Age
RankedLock teamsTeams togetherTeam positionsShared explorationLock speedFull tech treeHidden civsTurbo modeCheats
Victory
Defeat
🇹🇼 Tatars · Taiwan
1221
+14
🇹🇼 Khmer · Taiwan
1193
+16
🇦🇷 Turks · Argentina
1159
+17
🇻🇳 Vietnamese · Vietnam
1096
+19
🇭🇰 Tupi · Hong Kong SAR China
1261
-20
🇬🇧 Armenians · United Kingdom
1200
-17
🇬🇧 Ethiopians · United Kingdom
1177
-16
🇨🇳 Japanese · China
1084
-13
harry0312
10:46 Feudal Age
16:04 Castle Age
14:09 Double-Bit Axe
14:53 Horse Collar
15:54 Loom
16:06 Gold Mining
18:02 Bow Saw
22:58 Padded Archer Armor
26:13 Stone Mining
29:11 Leather Archer Armor
30:08 Heavy Plow
33:25 Fletching
35:20 Gold Shaft Mining
37:01 Wheelbarrow
36:11 Town Watch
39:52 Imperial Age
37:11 Town Watch
38:19 Bodkin Arrow
38:29 Scale Barding Armor
38:34 Forging
39:19 Forging
39:38 Hand Cart
40:36 Chain Barding Armor
39:58 Elite Janissary
40:58 Conscription
41:19 Ring Archer Armor
42:29 Two-Man Saw
41:49 Town Patrol
41:59 Bracer
42:35 Husbandry
42:46 Bloodlines
43:17 Treadmill Crane
44:35 Masonry
44:37 Murder Holes
44:54 Guilds
45:09 Ballistics
45:59 Plate Barding Armor
45:59 Iron Casting
47:45 Architecture
48:58 Blast Furnace
51:42 Hoardings
51:33 Sipahi
51:13 Artillery
jushwong
6:35 Loom
8:56 Feudal Age
9:24 Double-Bit Axe
15:18 Fletching
16:55 Padded Archer Armor
16:43 Horse Collar
17:27 Gold Mining
19:58 Wheelbarrow
23:29 Castle Age
21:52 Town Watch
23:30 Crossbowman
24:49 Bodkin Arrow
28:48 Leather Archer Armor
28:54 Stone Mining
29:45 Gold Shaft Mining
29:37 Bow Saw
33:31 Hand Cart
34:03 Stone Mining
37:21 Imperial Age
36:18 Ballistics
37:06 Heavy Plow
40:54 Crop Rotation
42:15 Husbandry
42:33 Bracer
44:02 Conscription
44:12 Silk Armor
44:44 Ring Archer Armor
45:28 Chemistry
46:31 Bloodlines
47:15 Elite Skirmisher
47:58 Imperial Skirmisher
handsomelawrence
2:49 Loom
6:00 Loom
8:32 Feudal Age
9:39 Double-Bit Axe
14:53 Scale Barding Armor
16:17 Forging
17:39 Bloodlines
21:26 Castle Age
19:34 Gold Mining
19:50 Fletching
23:20 Bow Saw
23:55 Horse Collar
26:08 Wheelbarrow
25:44 Husbandry
25:57 Town Watch
28:28 Hand Cart
28:43 Hand Cart
28:23 Stone Mining
29:07 Heavy Plow
31:09 Chain Barding Armor
32:47 Stone Shaft Mining
34:33 Gold Shaft Mining
38:12 Imperial Age
38:32 Ballistics
38:24 Masonry
38:10 Murder Holes
38:58 Iron Casting
38:18 Bodkin Arrow
38:46 Town Patrol
40:04 Conscription
41:15 Chemistry
40:46 Architecture
40:54 Plate Barding Armor
41:20 Blast Furnace
42:17 Bracer
43:10 Elite Ballista Elephant
44:26 Hoardings
43:57 Double Crossbow
44:43 Crop Rotation
44:43 Siege Engineers
47:01 Light Cavalry
47:57 Herbal Medicine
48:17 Fervor
49:08 Hussar
50:37 Redemption
alun1129
5:37 Loom
9:57 Feudal Age
11:44 Double-Bit Axe
12:07 Horse Collar
19:31 Fletching
26:26 Wheelbarrow
30:13 Castle Age
28:54 Stone Mining
28:54 Gold Mining
31:07 Bow Saw
31:03 Heavy Plow
31:53 Hand Cart
31:24 Town Watch
31:54 Thumb Ring
32:19 Elite Skirmisher
33:27 Bodkin Arrow
33:33 Padded Archer Armor
35:04 Leather Archer Armor
36:01 Ballistics
36:08 Stone Mining
40:21 Imperial Age
41:47 Crop Rotation
42:20 Two-Man Saw
41:58 Ring Archer Armor
41:28 Bracer
42:38 Chemistry
41:31 Treadmill Crane
41:50 Murder Holes
42:29 Imperial Skirmisher
43:38 Chatras
44:02 Paper Money
44:19 Hoardings
47:23 Elite Rattan Archer
Mormegil TBS
7:33 Loom
7:44 Loom
11:22 Feudal Age
13:05 Double-Bit Axe
17:15 Fletching
18:38 Padded Archer Armor
20:35 Horse Collar
22:31 Wheelbarrow
26:40 Castle Age
26:43 Crossbowman
27:35 Bodkin Arrow
27:55 Leather Archer Armor
27:48 Elite Skirmisher
38:42 Town Watch
40:46 Bow Saw
40:54 Heavy Plow
42:30 Gold Mining
47:25 Thumb Ring
50:18 Imperial Age
49:20 Squires
49:23 Scale Mail Armor
49:34 Forging
MerryPiping
5:55 Loom
10:11 Feudal Age
10:53 Double-Bit Axe
11:07 Horse Collar
16:19 Fletching
22:26 Castle Age
22:02 Gold Mining
22:15 Padded Archer Armor
22:40 Crossbowman
24:13 Wheelbarrow
24:08 Bodkin Arrow
27:01 Hand Cart
27:03 Leather Archer Armor
26:45 Pikeman
27:25 Squires
27:39 Scale Mail Armor
28:06 Forging
29:51 Chain Mail Armor
32:55 Iron Casting
34:14 Halberdier
36:03 Town Watch
38:12 Masonry
40:41 Imperial Age
39:15 Arson
40:53 Onager
42:45 Plate Mail Armor
43:16 Blast Furnace
44:34 Conscription
44:32 Bow Saw
44:14 Stone Mining
45:00 Gold Shaft Mining
44:29 Town Patrol
45:57 Man-at-Arms
46:23 Gambesons
50:35 Bracer
大王同学
6:59 Loom
9:22 Feudal Age
9:52 Double-Bit Axe
15:13 Fletching
17:03 Padded Archer Armor
18:13 Horse Collar
18:27 Gold Mining
21:15 Wheelbarrow
26:19 Castle Age
24:39 Stone Mining
26:30 Town Watch
26:20 Crossbowman
26:57 Bodkin Arrow
27:59 Leather Archer Armor
28:21 Bow Saw
28:49 Gold Shaft Mining
31:53 Ballistics
40:18 Imperial Age
38:27 Murder Holes
38:53 Heavy Plow
41:02 Bracer
42:04 Chemistry
41:27 Conscription
41:51 Ring Archer Armor
41:34 Elite Blackwood Archer
43:08 Curare
45:08 Hoardings
49:09 Two-Man Saw
48:48 Elite Skirmisher
51:02 Guard Tower
50:57 Arrowslits
51:25 Scale Mail Armor
51:35 Forging
51:19 Champi Runner
51:59 Squires
51:44 Arson
小离爱吃糖
9:32 Feudal Age
9:50 Man-at-Arms
17:49 Double-Bit Axe
17:46 Horse Collar
19:18 Forging
19:10 Scale Mail Armor
23:51 Castle Age
23:30 Stone Mining
24:26 Gold Mining
25:19 Bow Saw
25:11 Heavy Plow
25:14 Long Swordsman
25:49 Gambesons
26:29 Chain Mail Armor
27:23 Gold Shaft Mining
33:06 Ballistics
32:43 Murder Holes
35:36 Masonry
36:16 Fletching
40:35 Imperial Age
38:37 Bodkin Arrow
38:48 Yasama
41:34 Thumb Ring
42:33 Chemistry
Connection lost

Rejoining the realm…

Still unreachable

The connection could not be restored.

Session expired

The server has moved on; the page needs a fresh start.